 Dungeon Crawl Stone Soup version 0.26.0-45-g9c1d065592 (webtiles) character file.

Game seed: 18399791011581526777

(classic levelgen) 417 thiole the Ducker (level 6, 0/39 HPs)
             Began as an Octopode Venom Mage on Jan 30, 2021.
             Slain by a howler monkey (7 damage)
             ... on level 5 of the Dungeon.
             The game lasted 00:06:29 (6432 turns).

thiole the Ducker (Octopode Venom Mage)             Turns: 6432, Time: 00:06:30

Health: 0/39       AC: -7    Str:  7    XL:     6   Next: 93%
Magic:  1/9        EV: 15    Int: 19    God:
Gold:   218        SH:  0    Dex: 13    Spells: 2/9 levels left

rFire    . . .     SeeInvis .   (no weapon)
rCold    . . .     Faith    .   (no shield)
rNeg     . . .     Spirit   .   (helmet restricted)
rPois    +         Reflect  .   (no amulet)
rElec    .         Harm     .   m - ring of poison resistance
rCorr    .         Rampage  .   (no ring)
Will     .....                  (no ring)
Stlth    +++.......             (no ring)
HPRegen  0.13/turn              (no ring)
MPRegen  0.11/turn              (no ring)
                                (no ring)
                                (no ring)

@: corroded, very slightly contaminated
A: almost no armour, stealthy swim, amphibious, 8 rings, constrict 8, camouflage
1, gelatinous body 1
a: no special abilities


You were on level 5 of the Dungeon.
You visited 1 branch of the dungeon, and saw 5 of its levels.

You collected 218 gold pieces.

Inventory:

Missiles
 e - 63 stones
 f - 7 javelins
Jewellery
 m - a ring of poison resistance (left tentacle)
Scrolls
 a - 4 scrolls of identify
 b - 2 scrolls of fog {unknown}
 h - a scroll of teleportation {unknown}
 i - a scroll of enchant weapon {unknown}
 j - a scroll of fear {unknown}
 l - a scroll of enchant armour {unknown}
 n - a scroll of immolation {unknown}
 p - 5 scrolls of remove curse {unknown}
Potions
 c - 2 potions of flight
 d - a potion of brilliance {unknown}
 g - a potion of heal wounds {unknown}
 k - a potion of lignification {unknown}
 o - 2 potions of magic {unknown}


   Skills:
 - Level 2.0 Fighting
 - Level 5.0 Dodging
 - Level 2.6 Stealth
 - Level 2.0 Spellcasting
 + Level 1.1 Conjurations
 + Level 1.8 Transmutations
 - Level 2.0 Fire Magic
 + Level 1.1 Air Magic
 - Level 5.0 Poison Magic


You had 2 spell levels left.
You knew the following spells:

 Your Spells              Type           Power        Failure   Level
a - Sting                 Tmut/Pois      56%          4%          1
b - Mephitic Cloud        Conj/Pois/Air  11%          19%         3
c - Ignite Poison         Fire/Tmut/Pois 13%          16%         3

Your spell library contained the following spells:

 Spells                   Type           Power        Failure   Level
 Poisonous Vapours        Pois/Air       26%          8%          2
 Olgreb's Toxic Radiance  Pois           20%          22%         4


Dungeon Overview and Level Annotations

Branches:
Dungeon (5/15)
 Temple: D:4-7

Altars:
Ashenzari
Nemelex Xobeh
Okawaru
Sif Muna
Trog
Vehumet
Zin
The Shining One


Innate Abilities, Weirdness & Mutations

You cannot wear most types of armour.
You are very stealthy in the water. (Stealth+)
You are amphibious.
You can wear up to eight rings at the same time.
You can use your tentacles to constrict eight enemies at once.
Your skin changes colour to match your surroundings (Stealth+).
Your rubbery body absorbs attacks. (AC +1, EV +1)


Message History

Casting: Sting (safe; 4% risk of failure)
Confirm with . or Enter, or press ? or * to list all spells.
Aiming: Sting (safe; 4% risk of failure)
Press: ? - help, Shift-Dir - straight line, f/p - howler monkey
Aim: a howler monkey (32% to evade)
The sting hits the howler monkey.
The howler monkey is poisoned.
The howler monkey is lightly wounded.
The howler monkey hits you.
* * * LOW HITPOINT WARNING * * *
The howler monkey hoots and howls with incredible vigour!
Found an escape hatch in the ceiling.
Casting: Sting (safe; 4% risk of failure)
Confirm with . or Enter, or press ? or * to list all spells.
Aiming: Sting (safe; 4% risk of failure)
Press: ? - help, Shift-Dir - straight line, f/p - howler monkey
Aim: a howler monkey (lightly wounded, poisoned, catching its breath, 32% to evade)
The sting hits the howler monkey.
The howler monkey looks even sicker.
The howler monkey is moderately wounded.
The howler monkey hits you!
You die...

B.........(..... ##
#....######....... <
...+..... +(...... #.
.#.#....## #......#
#.....!.....# #.......
...........# ######.. ..
....!.# #######..
##.###B.## #.(......
#...@h...####........
.....######...##..?.....
..# ###...........
###.../..... #.........
##!..###.. #...# ..
##..# .. #..# ..


You could see a howler monkey (very poisoned, catching breath) and a giant
cockroach.

Vanquished Creatures
  A jelly (D:5)
  2 hounds (D:4)
  An orc priest (D:4)
  An orc wizard (D:3)
  An iguana (D:4)
  2 worker ants (D:4)
  A hound skeleton (D:4)
  9 adders
  An ufetubus (D:5)
  A worm (D:3)
  3 dart slugs
  2 leopard geckos
  8 orcs
  4 giant cockroaches
  5 goblins
  5 hobgoblins
  9 jackals
  10 kobolds
  2 quokkas
  6 bats
  2 frilled lizards
  12 rats
88 creatures vanquished.

Notes
Turn   | Place    | Note
-------+----------+-------------------------------------------
     0 | D:1      | thiole the Octopode Venom Mage began the quest for the Orb.
     0 | D:1      | Reached XP level 1. HP: 11/11 MP: 3/3
   105 | D:1      | Reached XP level 2. HP: 18/18 MP: 1/5
   146 | D:1      | Reached skill level 1 in Fighting
   809 | D:1      | Reached XP level 3. HP: 23/24 MP: 4/6
  1622 | D:2      | Found an iron altar of Okawaru.
  1680 | D:2      | Reached XP level 4. HP: 23/29 MP: 1/7
  2145 | D:2      | Found a shimmering blue altar of Sif Muna.
  3142 | D:3      | Reached XP level 5. HP: 5/34 MP: 1/8
  3495 | D:3      | Learned a level 3 spell: Mephitic Cloud
  3499 | D:3      | Learned a level 3 spell: Ignite Poison
  3829 | D:3      | Found a glowing silver altar of Zin.
  4632 | D:4      | Reached skill level 5 in Dodging
  4773 | D:4      | Found a glowing golden altar of the Shining One.
  4774 | D:4      | Found a broken altar of Ashenzari.
  4796 | D:4      | Found a sparkling altar of Nemelex Xobeh.
  4816 | D:4      | Found a radiant altar of Vehumet.
  4817 | D:4      | Found a bloodstained altar of Trog.
  4826 | D:4      | Reached XP level 6. HP: 30/39 MP: 3/9
  4905 | D:4      | Reached skill level 5 in Poison Magic
  5092 | D:4      | Reached skill level 1 in Fire Magic
  6246 | D:4      | Reached skill level 1 in Conjurations
  6366 | D:5      | Entered Level 5 of the Dungeon
  6383 | D:5      | Reached skill level 1 in Air Magic
  6432 | D:5      | Slain by a howler monkey

Illustrated notes

Levels and vault maps discovered:
D:1:      minmay_arrival_stair_chambers, layout_loops_corners
D:2:      layout_loops_ring, led_sif_pool, okawaru_trees_1
D:3:      layout_basic, zin_treasury
D:4:      layout_layer_cave, grunt_temple_overflow_open, serial_rivers,
          chequers_serial_rivers_room_b, chequers_serial_rivers_large_b,
          chequers_serial_rivers_micro_d, chequers_serial_rivers_micro_c,
          chequers_serial_rivers_micro_a, chequers_serial_rivers_room_a
D:5:      layout_basic, kennysheep_ying_yang, kennysheep_slug_shrine

Skill      XL: |  1  2  3  4  5  6 |
---------------+-------------------+-----
Poison Magic   | 4 5 |  5.0
Fighting       | 2 |  2.0
Dodging        | 3 4 5 |  5.0
Fire Magic     | 2 |  2.0
Conjurations   | 1 |  1.1
Air Magic      | 1 |  1.1
Stealth        | |  2.6
Spellcasting   | |  2.0
Transmutations | |  1.8

Action                   |  1- 3 |  4- 6 || total
-------------------------+-------+-------++-------
Melee: Unarmed           |    19 |    49 ||    68
       Tentacles         |     6 |    12 ||    18
       Constrict         |     5 |    10 ||    15
 Cast: Sting             |    52 |   121 ||   173
  Use: Potion            |       |     3 ||     3
       Scroll            |       |     1 ||     1
 Stab: Sleeping          |       |     1 ||     1
Armor: Skin              |     4 |     4 ||     8
Dodge: Dodged            |    21 |   101 ||   122
